Map: Heavy Artillery LE

Players

Massa

  • Race: Terran Terran
  • League: Gold
  • Spawn Location: 3:00

qqq

  • Race: Protoss Protoss
  • Spawn Location: 1:00

AxelTonton - Winner!

  • Race: Zerg Zerg
  • League: Diamond
  • Spawn Location: 7:00

Szpytt - Winner!

  • Race: Protoss Protoss
  • League: Diamond
  • Spawn Location: 7:00

VOD

Have the link to the VOD?

Description

Time

  • Played on: July 18, 2020, 10:58 a.m.
  • Length: 9:22
Show
View Real Time Build Order
Export as new Build Order

Massa Terran 

Build Orders: 1/1/1 

Get SALT Encoding   

  12  0:03  SCV  
  13  0:15  SCV  
  14  0:21  Supply Depot  
  14  0:26  Refinery  
  14  0:28  SCV  
  15  0:43  SCV  
  15  0:46  Barracks  
  16  0:55  SCV  
  17  1:01  Refinery  
  17  1:07  SCV  
  18  1:19  SCV  
  19  1:31  SCV  
  20  1:42  Factory  
  20  1:45  Orbital Command  
  20  2:02  Marine  
  21  2:13  Supply Depot  
  21  2:20  Marine  
  22  2:27  Starport  
  22  2:32  SCV  
  23  2:38  Marine  
  23  2:39  Factory Tech Lab  
  23  2:44  SCV  
  25  2:56  SCV  
  26  3:03  Starport Tech Lab  
  26  3:11  Fusion Core  
  26  3:18  Supply Depot  
  26  3:33  Command Center  
  26  3:42  Armory  
  26  3:58  Battlecruiser  
  32  4:06  SCV  
  33  4:14  Weapon Refit  
  33  4:18  SCV  
  34  4:30  Refinery, SCV  
  35  4:34  Marine  
  36  4:38  Siege Tank  
  39  4:50  SCV x2  
  39  4:52  Marine  
  42  5:02  SCV x2  
  44  5:14  SCV x2  
  46  5:21  Marine  
  47  5:39  Marine  
  48  5:53  Siege Tank  
  51  6:24  Battlecruiser  
  51  6:28  Marine  
  52  6:34  SCV x2  
  54  6:47  Barracks  
  54  6:50  Barracks  
  54  6:53  Supply Depot  
  54  6:54  Supply Depot  
  54  6:55  Supply Depot x2  
  54  6:56  Orbital Command  
  54  7:14  Marine, Thor  
  54  7:15  SCV  
  62  7:27  SCV  
  63  7:32  Marine  
  64  7:39  SCV  
  65  7:50  Marine  
  65  7:51  SCV  
  55  8:03  Liberator  
  53  8:11  Barracks  
  53  8:12  Barracks  
  44  8:13  Barracks  
  40  8:20  Barracks  
  40  8:21  Barracks  
  32  8:44  Marine x2  
  31  9:00  Barracks  
  31  9:02  Marine x2  
  31  9:08  Supply Depot  
Show
View Real Time Build Order
Export as new Build Order

qqq Protoss 

Build Orders: 1 Gate Expand 

Get SALT Encoding   

  12  0:01  Probe  
  13  0:14  Pylon  
  13  0:25  Pylon  
  13  0:44  Gateway  
  13  0:52  Pylon  
  13  0:57  Probe  
  14  1:10  Probe  
  15  1:22  Probe  
  16  1:31  Nexus  
  16  1:41  Cybernetics Core  
  16  1:47  Assimilator  
  16  1:49  Probe  
  17  1:59  Assimilator  
  17  2:01  Probe  
  18  2:13  Forge  
  18  2:18  Probe  
  19  2:30  Probe  
  20  2:42  Probe  
  21  2:49  Photon Cannon  
  21  2:52  Photon Cannon  
  21  2:56  Photon Cannon  
  21  3:13  Stargate  
  21  3:19  Stargate  
  21  3:20  Probe  
  21  3:24  Probe  
  23  3:33  Probe  
  24  3:36  Pylon  
  24  3:39  Probe  
  25  3:51  Shield Battery  
  25  4:00  Probe  
  26  4:02  Photon Cannon  
  26  4:11  Pylon  
  26  4:12  Probe  
  27  4:19  Stargate  
  27  4:24  Phoenix  
  27  4:26  Probe  
  30  4:39  Probe  
  30  4:40  Phoenix  
  33  4:51  Probe  
  34  4:52  Phoenix  
  36  5:03  Probe  
  37  5:07  Phoenix  
  39  5:15  Probe  
  40  5:27  Probe  
  41  5:33  Protoss Air Weapons Level 1  
  41  5:36  Phoenix  
  41  5:39  Probe  
  41  5:41  Assimilator  
  44  5:44  Assimilator  
  44  5:51  Probe  
  45  6:03  Probe  
  42  6:13  Phoenix  
  42  6:15  Probe  
  45  6:24  Twilight Council  
  45  6:27  Gateway  
  45  6:29  Gateway  
  45  6:32  Gateway  
  45  6:33  Pylon  
  45  6:36  Probe, Pylon  
  45  6:37  Pylon  
  46  6:46  Fleet Beacon  
  46  6:48  Probe  
  47  7:00  Probe  
  47  7:12  Probe  
  48  7:21  Stalker x2  
  52  7:24  Templar Archives, Probe  
  51  7:38  Carrier  
  50  8:17  Zealot x3  
  60  8:44  Zealot  
  60  8:45  Zealot  
  62  8:49  Zealot  
  62  8:51  Pylon  
  62  8:52  Pylon  
  62  8:56  Pylon  
  62  9:00  Pylon  
  48  9:09  Dark Shrine  
Show
View Real Time Build Order
Export as new Build Order

AxelTonton Zerg - Winner!

Build Orders: Hatch First 

Get SALT Encoding   

  12  0:01  Drone  
  13  0:12  Overlord  
  13  0:16  Drone  
  14  0:31  Drone x2  
  14  0:34  Drone  
  17  0:53  Hatchery  
  17  0:55  Drone  
  17  1:00  Drone  
  17  1:03  Extractor  
  17  1:11  Drone  
  17  1:17  Spawning Pool  
  17  1:20  Drone  
  18  1:31  Drone  
  19  1:43  Drone  
  20  1:50  Drone  
  21  2:01  Drone  
  22  2:04  Queen x2  
  22  2:06  Overlord  
  26  2:09  Metabolic Boost  
  26  2:15  Overlord  
  26  2:18  Drone  
  26  2:22  Zergling x2  
  28  2:31  Drone  
  29  2:40  Drone x2  
  31  2:48  Drone x2  
  33  2:53  Roach Warren  
  33  2:55  Drone  
  33  2:57  Lair  
  33  3:11  Drone x3  
  36  3:18  Extractor  
  36  3:19  Extractor  
  34  3:20  Drone x3  
  34  3:21  Overlord x2  
  37  3:35  Roach x3  
  43  3:45  Spore Crawler  
  42  3:49  Drone x4  
  42  3:50  Drone x2  
  47  3:56  Spore Crawler  
  47  4:01  Hydralisk Den  
  45  4:04  Extractor  
  44  4:11  Roach  
  44  4:12  Drone x3, Roach  
  51  4:31  Hydralisk x3, Muscular Augments  
  51  4:34  Overlord  
  57  4:43  Ravager x2  
  57  4:44  Overlord  
  57  4:45  Overlord  
  59  4:52  Evolution Chamber  
  58  4:59  Drone, Zergling x2  
  61  5:00  Zergling x6  
  61  5:01  Drone  
  64  5:07  Spore Crawler  
  64  5:08  Spore Crawler  
  64  5:11  Hydralisk  
  64  5:22  Zerg Missile Weapons Level 1  
  64  5:34  Hydralisk x4  
  72  5:50  Hydralisk x2  
  72  5:52  Overlord x2  
  74  6:08  Overlord x3  
  74  6:09  Overlord  
  72  6:22  Hydralisk x3  
  76  6:27  Drone x2  
  78  6:35  Baneling Nest  
  78  6:37  Grooved Spines  
  78  6:38  Drone  
  78  6:48  Ravager x3  
  78  6:53  Drone x2  
  78  6:54  Drone x4  
  87  7:12  Infestation Pit  
  86  7:16  Hatchery  
  84  7:36  Hydralisk x7  
  86  7:52  Hydralisk x4  
  86  7:54  Overlord  
  78  8:18  Hydralisk  
  78  8:19  Hydralisk x4  
  85  8:22  Zergling x4  
  84  8:29  Queen  
  86  8:39  Hydralisk x2  
  86  8:40  Hydralisk  
  92  8:41  Zergling x2  
  92  8:42  Zergling x2  
  92  9:08  Drone  
Show
View Real Time Build Order
Export as new Build Order

Szpytt Protoss - Winner!

Build Orders: 1 Gate Expand, Double Forge, Blink Stalkers 

Get SALT Encoding   

  12  0:00  Probe  
  13  0:13  Probe  
  14  0:17  Pylon  
  14  0:23  Probe  
  15  0:31  Probe  
  16  0:37  Gateway  
  16  0:39  Probe  
  16  0:47  Assimilator  
  17  0:52  Probe  
  18  1:07  Probe  
  20  1:25  Cybernetics Core  
  19  1:33  Nexus  
  19  1:37  Probe  
  19  1:39  Assimilator  
  20  1:49  Probe  
  20  1:51  Pylon  
  21  2:01  Probe, Stalker  
  22  2:10  Warp Gate  
  22  2:13  Probe  
  25  2:25  Probe  
  25  2:28  Gateway  
  26  2:35  Stalker  
  28  2:37  Probe  
  29  2:45  Probe  
  29  2:46  Twilight Council  
  29  2:47  Probe  
  31  2:53  Probe  
  31  2:55  Probe  
  32  3:03  Probe x2  
  34  3:07  Robotics Facility  
  35  3:15  Probe  
  35  3:18  Stalker  
  38  3:21  Stalker  
  38  3:23  Probe  
  41  3:29  Pylon  
  41  3:31  Probe  
  42  3:35  Probe, Blink  
  43  3:43  Probe  
  43  3:45  Gateway  
  44  3:49  Probe  
  44  3:51  Gateway  
  44  3:55  Probe  
  46  3:57  Observer  
  46  4:01  Probe  
  48  4:08  Probe  
  49  4:12  Assimilator  
  49  4:15  Probe  
  49  4:16  Assimilator  
  50  4:19  Stalker x2  
  54  4:30  Pylon  
  54  4:48  Probe x2, Warp Prism  
  54  4:49  Pylon  
  54  4:50  Pylon  
  58  4:54  Forge  
  58  4:55  Forge  
  58  5:00  Probe x2  
  59  5:10  Nexus  
  59  5:13  Probe, Stalker  
  62  5:14  Pylon  
  51  5:35  Stalker  
  51  5:36  Stalker x3  
  55  6:10  Stalker  
  55  6:11  Probe x2, Protoss Ground Weapons Level 1  
  57  6:19  Probe  
  57  6:20  Observer  
  57  6:21  Probe, Protoss Ground Armor Level 1  
  57  6:25  Probe  
  61  6:32  Probe  
  62  6:41  Stalker  
  62  6:42  Stalker  
  66  6:58  Photon Cannon  
  66  7:01  Photon Cannon  
  66  7:06  Photon Cannon  
  66  7:07  Probe  
  67  7:10  Photon Cannon  
  67  7:12  Probe x2, Shield Battery  
  69  7:19  Probe  
  68  7:38  Stalker x3  
  68  7:39  Stalker  
  70  7:58  Warp Prism  
  64  8:02  Stalker x4  
  64  9:00  Stalker x4  
  72  9:03  Probe x2  
  72  9:04  Probe  
  78  9:20  Gateway  
Tags
 
Add a new tag
Caveats
  • Supply blocks, unpowered buildings, or Contaminate may cause inaccurate times.
  • Supply counts are checked every 10 seconds.